PL
OAKLAND OAKS @ BUFFALO WHITE WALKERS
06/28/2042
 
TOP OF THE 1ST
Oakland Oaks batting - Pitching for Buffalo White Walkers : RHP Kent Good
Pitching: RHP Kent Good
Batting: LHB Conor Gotaas 0-0: Ball
1-0: Fly out, F9 (Flyball, 89S, EV 80.0 MPH)
Batting: LHB Phillip White 0-0: Called Strike
0-1: Ball
1-1: Ground out 5-3 (Groundball, 56S, EV 90.6 MPH)
Batting: RHB Sebastian Franke 0-0: Ball
1-0: Ball
2-0: Fly out, F9 (Line Drive, 9LD, EV 105.6 MPH)
Top of the 1st over - 0 runs, 0 hits, 0 errors, 0 left on base; Oakland 0 - Buffalo 0
BOTTOM OF THE 1ST
Buffalo White Walkers batting - Pitching for Oakland Oaks : RHP Matt Dunn
Pitching: RHP Matt Dunn
Batting: LHB Dread Roberts 0-0: Called Strike
0-1: Ball
1-1: Ball
2-1: Ball
3-1: Swinging Strike
3-2: Strikes out looking
Batting: LHB Jorge Herrera 0-0: Ball
1-0: Foul Ball, location: 2F
1-1: Ball
2-1: SINGLE (Groundball, 4D, EV 96.9 MPH)
Batting: LHB Ryder Ringor 0-0: Ground out U3 (Groundball, 3L, EV 88.1 MPH)
Jorge Herrera to second
Batting: SHB Je-myung Yu 0-0: Ball
1-0: Ball
2-0: Called Strike
2-1: DOUBLE (Flyball, 8RXD, EV 100.0 MPH)
Jorge Herrera scores
Batting: RHB Tom Smythe 0-0: Ball
1-0: Foul Ball, location: 2F
1-1: Foul Ball, location: 2F
1-2: Foul Ball, location: 2F
1-2: Ball
2-2: Foul Ball, location: 2F
2-2: Ball
3-2: Strikes out swinging
Bottom of the 1st over - 1 run, 2 hits, 0 errors, 1 left on base; Oakland 0 - Buffalo 1
TOP OF THE 2ND
Oakland Oaks batting - Pitching for Buffalo White Walkers : RHP Kent Good
Batting: LHB Norbert Ingalsbe 0-0: Ball
1-0: Ball
2-0: Ball
3-0: Called Strike
3-1: Base on Balls
Batting: RHB Johnny Jones 0-0: Ball
1-0: Called Strike
1-1: Foul Ball, location: 2F
1-2: Foul Ball, location: 2F
1-2: Foul Ball, location: 2F
1-2: Ball
2-2: Fly out, F9 (Flyball, 9S, EV 83.1 MPH)
Batting: LHB Michael Witt 0-0: Called Strike
0-1: Grounds into double play, 6-4-3 (Groundball, 6, EV 100.0 MPH)
Top of the 2nd over - 0 runs, 0 hits, 0 errors, 0 left on base; Oakland 0 - Buffalo 1
BOTTOM OF THE 2ND
Buffalo White Walkers batting - Pitching for Oakland Oaks : RHP Matt Dunn
Batting: SHB Tom Dickinson 0-0: Called Strike
0-1: Ground out 4-3 (Groundball, 4, EV 85.0 MPH)
Batting: RHB Eddie Sachs 0-0: Ball
1-0: Ground out 1-3 (Groundball, 34S, EV 87.5 MPH)
Batting: SHB Max Bortenschlager 0-0: Ball
1-0: SOLO HOME RUN (Flyball, 9LD, EV 85.6 MPH), Distance : 347 ft
Batting: RHB José Santos 0-0: Fly out, F7 (Flyball, 78S, EV 81.2 MPH)
Bottom of the 2nd over - 1 run, 1 hit, 0 errors, 0 left on base; Oakland 0 - Buffalo 2
TOP OF THE 3RD
Oakland Oaks batting - Pitching for Buffalo White Walkers : RHP Kent Good
Batting: RHB Cornelius Adkison 0-0: Foul Ball, location: 2F
0-1: Called Strike
0-2: Ball
1-2: Strikes out swinging
Batting: SHB Doug Watson 0-0: Ball
1-0: Swinging Strike
1-1: Ball
2-1: Ball
3-1: Ground out 4-3 (Groundball, 4, EV 88.8 MPH)
Batting: RHB Tony Hernández 0-0: Foul Ball, location: 2F
0-1: Ball
1-1: Ball
2-1: Fly out, F9 (Flyball, 9LMF, EV 96.9 MPH)
Top of the 3rd over - 0 runs, 0 hits, 0 errors, 0 left on base; Oakland 0 - Buffalo 2
BOTTOM OF THE 3RD
Buffalo White Walkers batting - Pitching for Oakland Oaks : RHP Matt Dunn
Batting: LHB Dread Roberts 0-0: SINGLE (Groundball, 34D, EV 95.6 MPH)
Batting: LHB Jorge Herrera 0-0: Swinging Strike
0-1: Ball
1-1: SINGLE (Groundball, 4MD, EV 111.9 MPH)
Dread Roberts to second
Batting: LHB Ryder Ringor 0-0: Ball
1-0: Foul Ball, location: 2F
1-1: Ball
2-1: Foul Ball, location: 2F
2-2: Ball
3-2: Foul Ball, location: 2F
3-2: 3-RUN HOME RUN (Flyball, 7D, EV 102.5 MPH), Distance : 340 ft
Batting: SHB Je-myung Yu 0-0: Ball
1-0: Ball
2-0: Ball
3-0: Called Strike
3-1: Swinging Strike
3-2: Base on Balls
Batting: RHB Tom Smythe 0-0: Ball
1-0: Called Strike
1-1: Fielders Choice at 2nd, 4-6 (Groundball, 4M, EV 90.6 MPH)
Batting: SHB Tom Dickinson 0-0: Ball
1-0: Ball
2-0: Swinging Strike
2-1: Foul Ball, location: 2F
2-2: Fielders Choice at 2nd, 3-6 (Groundball, 3, EV 83.1 MPH)
Batting: RHB Eddie Sachs 0-0: Ball
1-0: Ball
2-0: Ball
3-0: Base on Balls
Tom Dickinson to second
Batting: SHB Max Bortenschlager 0-0: Ball
1-0: Ball
2-0: Called Strike
2-1: Fielders Choice at 2nd, 6-4 (Groundball, 56, EV 90.0 MPH)
Bottom of the 3rd over - 3 runs, 3 hits, 0 errors, 2 left on base; Oakland 0 - Buffalo 5
TOP OF THE 4TH
Oakland Oaks batting - Pitching for Buffalo White Walkers : RHP Kent Good
Batting: LHB Conor Gotaas 0-0: Called Strike
0-1: DOUBLE (Flyball, 78D, EV 100.0 MPH)
Batting: LHB Phillip White 0-0: Ball
1-0: Fly out, F8 (Flyball, 8RXD, EV 93.8 MPH)
Runner from 2nd tags up, SAFE at 3rd, no throw by CF
Batting: RHB Sebastian Franke 0-0: Swinging Strike
0-1: Ball
1-1: Ground out U3 (Groundball, 34, EV 83.8 MPH)
Conor Gotaas scores
Batting: LHB Norbert Ingalsbe 0-0: Ball
1-0: Called Strike
1-1: Foul Ball, location: 2F
1-2: Ball
2-2: Ball
3-2: Fly out, F9 (Flyball, 9D, EV 90.0 MPH)
Top of the 4th over - 1 run, 1 hit, 0 errors, 0 left on base; Oakland 1 - Buffalo 5
BOTTOM OF THE 4TH
Buffalo White Walkers batting - Pitching for Oakland Oaks : RHP Matt Dunn
Batting: RHB José Santos 0-0: Ball
1-0: Ball
2-0: Called Strike
2-1: Foul Ball, location: 2F
2-2: Ball
3-2: Fly out, F4 (Popup, 4MD, EV 46.9 MPH)
Batting: LHB Dread Roberts 0-0: Ball
1-0: Called Strike
1-1: Ball
2-1: Ball
3-1: Base on Balls
Pitching: LHP Mario Herrera
Batting: LHB Jorge Herrera 0-0: Called Strike
0-1: Swinging Strike
0-2: Ball
1-2: Strikes out looking
Batting: LHB Ryder Ringor 0-0: Ball
1-0: Swinging Strike
1-1: Swinging Strike
1-2: Ball
2-2: Ground out U3 (Groundball, 3, EV 94.4 MPH)
Bottom of the 4th over - 0 runs, 0 hits, 0 errors, 1 left on base; Oakland 1 - Buffalo 5
TOP OF THE 5TH
Oakland Oaks batting - Pitching for Buffalo White Walkers : RHP Kent Good
Batting: RHB Johnny Jones 0-0: Called Strike
0-1: Ball
1-1: Ball
2-1: Ground out 6-3 (Groundball, 6, EV 95.0 MPH)
Batting: LHB Michael Witt 0-0: Called Strike
0-1: DOUBLE (Groundball, 3L, EV 95.0 MPH)
Batting: RHB Cornelius Adkison 0-0: Swinging Strike
0-1: Foul Ball, location: 2F
0-2: Ball
1-2: Strikes out swinging
Batting: SHB Doug Watson 0-0: Foul Ball, location: 2F
0-1: Ball
1-1: Ball
2-1: Foul Ball, location: 2F
2-2: Ground out U3 (Groundball, 3, EV 101.2 MPH)
Top of the 5th over - 0 runs, 1 hit, 0 errors, 1 left on base; Oakland 1 - Buffalo 5
BOTTOM OF THE 5TH
Buffalo White Walkers batting - Pitching for Oakland Oaks : LHP Mario Herrera
Batting: SHB Je-myung Yu 0-0: Called Strike
0-1: SINGLE (Groundball, 56D, EV 95.6 MPH)
Batting: RHB Tom Smythe 0-0: Foul Ball, location: 2F
0-1: Ball
1-1: Reached on error, E7 (Flyball, 78S, EV 92.5 MPH)
Je-myung Yu to second
Batting: SHB Tom Dickinson 0-0: Called Strike
0-1: Called Strike
0-2: Foul Ball, location: 2F
0-2: Strikes out swinging
Batting: RHB Eddie Sachs 0-0: Ball
1-0: DOUBLE (Line Drive, 7LS, EV 105.6 MPH)
Je-myung Yu scores
Tom Smythe to third
Runner from 3rd tries for Home, SAFE, no throw by LF
Batting: SHB Max Bortenschlager 0-0: Called Strike
0-1: Foul Ball, location: 2F
0-2: Ball
1-2: DOUBLE (Line Drive, 9LM, EV 108.8 MPH)
Eddie Sachs scores
Batting: RHB José Santos 0-0: Called Strike
0-1: Ball
1-1: Swinging Strike
1-2: Ball
2-2: Strikes out swinging
Batting: LHB Dread Roberts 0-0: Swinging Strike
0-1: Ball
1-1: Ground out 4-3 (Groundball, 4, EV 88.8 MPH)
Bottom of the 5th over - 3 runs, 3 hits, 1 error, 1 left on base; Oakland 1 - Buffalo 8
TOP OF THE 6TH
Oakland Oaks batting - Pitching for Buffalo White Walkers : RHP Kent Good
Batting: RHB Tony Hernández 0-0: Ball
1-0: Foul Ball, location: 2F
1-1: DOUBLE (Line Drive, 7LM, EV 98.8 MPH)
Batting: LHB Conor Gotaas 0-0: Called Strike
0-1: Ball
1-1: SINGLE (Groundball, 6MD, EV 98.1 MPH)
Tony Hernández to third
Runner from 3rd tries for Home, SAFE, no throw by CF
Batting: LHB Phillip White 0-0: Ball
1-0: Ball
Conor Gotaas steals 2nd base (no throw)
2-0: Ball
3-0: Called Strike
3-1: Called Strike
3-2: Foul Ball, location: 2F
3-2: Fly out, F3 (Line Drive, 3, EV 63.8 MPH)
Batting: RHB Sebastian Franke 0-0: Foul Ball, location: 2F
0-1: Ball
1-1: Called Strike
1-2: Ball
2-2: Ball
3-2: Foul Ball, location: 2F
3-2: Base on Balls
Pitching: LHP Mannus Dijkman
Batting: LHB Norbert Ingalsbe 0-0: Called Strike
Conor Gotaas steals 3rd base
Sebastian Franke to second
0-1: Called Strike
0-2: Strikes out looking
Batting: RHB Johnny Jones 0-0: Ball
1-0: Ball
2-0: Ball
3-0: Base on Balls
Batting: LHB Michael Witt 0-0: Called Strike
0-1: GRAND SLAM HOME RUN (Flyball, 9D, EV 89.4 MPH), Distance : 346 ft
Batting: RHB Cornelius Adkison 0-0: Called Strike
0-1: Ground out 4-3 (Groundball, 4, EV 80.0 MPH)
Top of the 6th over - 5 runs, 3 hits, 0 errors, 0 left on base; Oakland 6 - Buffalo 8
BOTTOM OF THE 6TH
Buffalo White Walkers batting - Pitching for Oakland Oaks : LHP Mario Herrera
Pitching: LHP Homer Boyd
Batting: LHB Jorge Herrera 0-0: Called Strike
0-1: Foul Ball, location: 2F
0-2: Ball
1-2: Strikes out looking
Batting: LHB Ryder Ringor 0-0: Ball
1-0: Ground out 1-3 (Groundball, 15S, EV 64.4 MPH)
Batting: SHB Je-myung Yu 0-0: Foul Ball, location: 2F
0-1: Swinging Strike
0-2: Ball
1-2: SOLO HOME RUN (Flyball, 78XD, EV 90.0 MPH), Distance : 399 ft
Batting: RHB Tom Smythe 0-0: Ball
1-0: Foul Ball, location: 2F
1-1: Fly out, F7 (Flyball, 7S, EV 96.2 MPH)
Bottom of the 6th over - 1 run, 1 hit, 0 errors, 0 left on base; Oakland 6 - Buffalo 9
TOP OF THE 7TH
Oakland Oaks batting - Pitching for Buffalo White Walkers : LHP Mannus Dijkman
Batting: SHB Doug Watson 0-0: Foul Ball, location: 2F
0-1: Ball
1-1: Swinging Strike
1-2: Foul Ball, location: 2F
1-2: Strikes out swinging
Batting: RHB Tony Hernández 0-0: Ground out 5-3 (Groundball, 56, EV 80.6 MPH)
Batting: LHB Conor Gotaas 0-0: Ball
1-0: Foul Ball, location: 2F
1-1: Foul Ball, location: 2F
1-2: Ball
2-2: Strikes out swinging
Top of the 7th over - 0 runs, 0 hits, 0 errors, 0 left on base; Oakland 6 - Buffalo 9
BOTTOM OF THE 7TH
Buffalo White Walkers batting - Pitching for Oakland Oaks : LHP Homer Boyd
Batting: SHB Tom Dickinson 0-0: Ball
1-0: Called Strike
1-1: Foul Ball, location: 2F
1-2: Ground out 6-3 (Groundball, 6MS, EV 76.9 MPH)
Batting: RHB Eddie Sachs 0-0: Called Strike
0-1: Ball
1-1: Ground out 6-3 (Groundball, 6, EV 100.6 MPH)
Batting: SHB Max Bortenschlager 0-0: Ball
1-0: Ball
2-0: Ground out 4-3 (Groundball, 4, EV 102.5 MPH)
Bottom of the 7th over - 0 runs, 0 hits, 0 errors, 0 left on base; Oakland 6 - Buffalo 9
TOP OF THE 8TH
Oakland Oaks batting - Pitching for Buffalo White Walkers : LHP Mannus Dijkman
Batting: LHB Phillip White 0-0: Ball
1-0: Ball
2-0: Ball
3-0: Called Strike
3-1: Foul Ball, location: 2F
3-2: SINGLE (Groundball, 56D, EV 100.0 MPH)
Pitching: RHP Brewster Warble
Batting: RHB Sebastian Franke 0-0: Called Strike
0-1: Ball
1-1: Ball
2-1: Ball
3-1: Base on Balls
Phillip White to second
Batting: LHB Norbert Ingalsbe 0-0: Called Strike
0-1: Ball
1-1: Called Strike
1-2: Strikes out looking
Batting: RHB Johnny Jones 0-0: Foul Ball, location: 2F
0-1: Ball
1-1: Called Strike
1-2: Strikes out swinging
Batting: LHB Michael Witt 0-0: Ball
1-0: Ball
2-0: Ground out U3 (Groundball, 3, EV 83.1 MPH)
Top of the 8th over - 0 runs, 1 hit, 0 errors, 2 left on base; Oakland 6 - Buffalo 9
BOTTOM OF THE 8TH
Buffalo White Walkers batting - Pitching for Oakland Oaks : LHP Homer Boyd
Batting: RHB José Santos 0-0: Called Strike
0-1: Foul Ball, location: 2F
0-2: Ball
1-2: SOLO HOME RUN (Flyball, 8LXD, EV 95.6 MPH), Distance : 423 ft
Batting: LHB Dread Roberts 0-0: Ball
1-0: Called Strike
1-1: Ball
2-1: Ball
3-1: Fly out, F5 (Line Drive, 5, EV 75.6 MPH)
Pitching: RHP Hendrikjan Zweers
Batting: LHB Jorge Herrera 0-0: Ball
1-0: Called Strike
1-1: Foul Ball, location: 2F
1-2: Ball
2-2: Foul Ball, location: 2F
2-2: Ball
3-2: Ground out 1-3 (Groundball, 13, EV 83.8 MPH)
Batting: LHB Ryder Ringor 0-0: Fly out, F9 (Flyball, 9S, EV 84.4 MPH)
Bottom of the 8th over - 1 run, 1 hit, 0 errors, 0 left on base; Oakland 6 - Buffalo 10
TOP OF THE 9TH
Oakland Oaks batting - Pitching for Buffalo White Walkers : RHP Brewster Warble
Batting: RHB Cornelius Adkison 0-0: Called Strike
0-1: Ball
1-1: Ball
2-1: Fly out, F9 (Flyball, 9LMF, EV 102.5 MPH)
Batting: SHB Doug Watson 0-0: DOUBLE (Flyball, 78D, EV 108.1 MPH)
Batting: RHB Tony Hernández 0-0: Ball
1-0: Fly out, F9 (Line Drive, 9, EV 91.2 MPH)
Batting: LHB Conor Gotaas 0-0: Ball
1-0: Foul Ball, location: 2F
1-1: Foul Ball, location: 2F
1-2: Ball
2-2: Ball
3-2: Foul Ball, location: 2F
3-2: Foul Ball, location: 2F
3-2: Foul Ball, location: 2F
3-2: Base on Balls
Pitching: RHP Jeff Mahl
Batting: LHB Phillip White 0-0: Ball
1-0: Foul Ball, location: 2F
1-1: Ball
2-1: Fielders Choice at 2nd, 6-4 (Groundball, 56, EV 79.4 MPH)
Top of the 9th over - 0 runs, 1 hit, 0 errors, 2 left on base; Oakland 6 - Buffalo 10
Friday, March 26th, 2021 - OOTP Baseball 20.8 Build 74